 Dungeon Crawl Stone Soup version 0.21.1-1-g345015fe64 (webtiles) character file.

4674 Kisielow the Cruncher (level 10, -1/65 HPs)
             Began as a Gargoyle Gladiator on Mar 5, 2018.
             Was a Believer of Okawaru.
             Slain by an orc warrior
             ... wielding a +0 battleaxe
              (10 damage)
             ... on level 8 of the Dungeon.
             The game lasted 00:17:08 (7344 turns).

Kisielow the Cruncher (Gargoyle Gladiator)          Turns: 7344, Time: 00:17:08

Health: -1/65      AC: 27    Str: 21    XL:     10   Next: 44%
Magic:  10/10      EV:  9    Int:  9    God:    Okawaru [**....]
Gold:   163        SH:  0    Dex: 11    Spells: 9/9 levels left

rFire    . . .     SeeInvis .   q - +0 quarterstaff (protect)
rCold    . . .     Gourm    .   (shield currently unavailable)
rNeg     + . .     Faith    .   o - +0 chain mail
rPois    ∞         Spirit   .   c - +1 helmet
rElec    +         Reflect  .   (no cloak)
rCorr    .         Harm     .   (no gloves)
MR       .....                  (no boots)
Stlth    ..........             (no amulet)
HPRegen  0.20/turn              (no ring)
MPRegen  0.12/turn              (no ring)

@: protection aura, slowed, very slow
A: negative energy resistance 1, electricity resistance, unbreathing,
petrification resistance, rot immunity, AC +7
a: Heroism, Renounce Religion


You were on level 8 of the Dungeon.
You worshipped Okawaru.
Okawaru was pleased with you.
You were hungry.

You visited 2 branches of the dungeon, and saw 9 of its levels.
You also visited: Sewer.

You collected 163 gold pieces.

Inventory:

Hand Weapons
 q - a +0 quarterstaff of protection (weapon)
Armour
 c - a +1 helmet (worn)
 o - a +0 chain mail (worn)
Wands
 w - a wand of random effects (54)
 x - a wand of enslavement (4)
Scrolls
 d - 5 scrolls of magic mapping
 e - 7 scrolls of identify
 g - a scroll of amnesia
 i - 4 scrolls of remove curse
 k - 2 scrolls of teleportation
 n - a scroll of fog
Potions
 b - 4 potions of heal wounds
 h - 5 potions of curing
 l - 4 potions of brilliance
 m - 3 potions of flight
 p - 2 potions of agility
 u - 3 potions of mutation
 v - a potion of lignification
Books
 j - a book of Changes

   Spells                             Type                      Level
   a - Beastly Appendage              Transmutation                1
   b - Sticks to Snakes               Transmutation                2
   c - Spider Form                    Transmutation/Poison         3
   d - Ice Form                       Ice/Transmutation            4
   e - Blade Hands                    Transmutation                5
 y - a book of Minor Magic

   Spells                             Type                      Level
   a - Magic Dart                     Conjuration                  1
   b - Blink                          Translocation                2
   c - Call Imp                       Summoning                    2
   d - Slow                           Hexes                        2
   e - Conjure Flame                  Conjuration/Fire             3
   f - Mephitic Cloud                 Conjuration/Poison/Air       3
Comestibles
 a - 6 chunks of flesh
 f - 9 rations


   Skills:
 + Level 8.5 Fighting
 * Level 11.0 Staves
 - Level 1.7 Throwing
 + Level 8.1 Armour
 - Level 2.4 Dodging


You had 9 spell levels left.
You didn't know any spells.

Dungeon Overview and Level Annotations

Branches:
Dungeon (8/15)             Temple (1/1) D:6
   Lair: D:8-11

Altars:
Ashenzari
Cheibriados
Dithmenos
Elyvilon
Fedhas
Gozag
Hepliaklqana
Kikubaaqudgha
Makhleb
Nemelex Xobeh
Okawaru
Qazlal
Ru
Sif Muna
Vehumet
Wu Jian
Xom
Yredelemnul
Zin

Annotations:
D:8 Erica


Innate Abilities, Weirdness & Mutations

You are resistant to torment.
Your stone body is resilient. (AC +7)
You are immune to poison.
You resist negative energy. (rN+)
You are resistant to electric shocks. (rElec)
You can survive without breathing.
You are immune to petrification.
You are immune to rotting.


Message History

The orc warrior hits you with a battleaxe!
You barely miss the orc wizard.
The orc wizard is heavily wounded.
The orc wizard hits you with a dagger. The orc warrior barely misses you.
The orc wizard hits you but does no damage.
You sock the orc wizard!
You kill the orc wizard!
Okawaru accepts your kill.
The orc warrior hits you with a battleaxe!
* * * LOW HITPOINT WARNING * * *
The orc warrior closely misses you.
Things that are here:
a dagger; a robe; an orc corpse You hit the orc warrior but do no damage.
The orc warrior hits you with a battleaxe.
* * * LOW HITPOINT WARNING * * *
You closely miss the orc warrior.
You hit the orc warrior but do no damage.
The orc warrior hits you with a battleaxe!
You die...

...#.......##.###....#.#..#.#.##.
...##########.# #....#.#.##.#...#
...# #######.###....#.#.........
...# #.....#.#.###..#.####.##..#
...######.#.#'#.###..#......##...
.....)....#........#.######.....#
..........#.....#....######.##.##
..........##....o......[.......##
..........##....@..(.(..[..#...).
.....................(.....#.....
#'##+##########......(...>.#.....
...............#.....
####...........'.....
##..........#.....
#######....#..... #....#.....
#....#.....


You could see an orc warrior.

Vanquished Creatures
  An unseen horror (D:7)
  The ghost of GuyWithAPlan the Basher, a novice BaFi (D:7)
  A hippogriff (D:7)
  A spriggan (D:7)
  3 orc warriors (D:6)
  3 sky beasts
  2 ice beasts
  2 black bears
  A phantom (D:7)
  4 ogres
  3 centaurs
  2 big kobolds (Sewer)
  3 bullfrogs
  4 scorpions
  3 wights (D:8)
  3 howler monkeys (D:7)
  4 hounds
  4 orc priests
  A gnoll shaman (D:4)
  A jelly (D:7)
  5 bullfrog skeletons
  A centaur skeleton (D:4)
  4 iguanas
  6 orc wizards
  A worker ant (D:6)
  5 gnolls (D:4)
  A howler monkey skeleton (D:7)
  7 adders
  2 shadow imps
  An ooze (D:7)
  An adder skeleton (D:4)
  3 worms
  3 dart slugs
  10 leopard geckos
  34 orcs
  4 ball pythons (Sewer)
  5 giant cockroaches
  11 goblins
  5 hobgoblins
  10 jackals
  2 quokkas
  9 bats
  6 frilled lizards
  A jackal skeleton (D:7)
  17 kobolds
  A leopard gecko skeleton (D:7)
  3 quokka skeletons (D:4)
  A quokka zombie (D:4)
  11 rats
217 creatures vanquished.

Vanquished Creatures (others)
  An orc wizard (D:8)
1 creature vanquished.

Grand Total: 218 creatures vanquished

Notes
Turn   | Place    | Note
-------+----------+-------------------------------------------
     0 | D:1      | Kisielow the Gargoyle Gladiator began the quest for the Orb.
     0 | D:1      | Reached XP level 1. HP: 12/12 MP: 1/1
   134 | D:1      | Reached XP level 2. HP: 18/18 MP: 2/2
   185 | D:1      | Reached skill level 1 in Armour
   468 | D:1      | Reached XP level 3. HP: 20/22 MP: 3/3
   947 | D:2      | Reached skill level 4 in Staves
   952 | D:2      | Reached XP level 4. HP: 27/27 MP: 4/4
  1571 | D:3      | Found a glowing drain.
  1590 | D:3      | Reached XP level 5. HP: 19/32 MP: 5/5
  1611 | Sewer    | Entered a sewer
  1802 | Sewer    | Noticed a big kobold
  1815 | Sewer    | Killed a big kobold
  1876 | Sewer    | Noticed a big kobold
  1894 | Sewer    | Killed a big kobold
  1894 | Sewer    | Reached skill level 5 in Staves
  1894 | Sewer    | Reached XP level 6. HP: 38/38 MP: 6/6
  2527 | D:4      | Reached XP level 7. HP: 41/44 MP: 7/7
  2620 | D:4      | Reached skill level 6 in Staves
  2649 | D:4      | You fall through a shaft for 2 floors!
  2653 | D:6      | Found a sparkling altar of Nemelex Xobeh.
  2694 | D:6      | Reached skill level 5 in Fighting
  2898 | D:5      | Entered Level 5 of the Dungeon
  2903 | D:5      | Reached XP level 8. HP: 24/49 MP: 8/8
  3116 | D:5      | Reached skill level 7 in Staves
  3491 | D:4      | Reached skill level 5 in Armour
  3795 | D:5      | Reached skill level 8 in Staves
  4243 | D:6      | Reached XP level 9. HP: 26/56 MP: 9/9
  4679 | D:6      | Reached skill level 9 in Staves
  4917 | D:6      | Found a snail-covered altar of Cheibriados.
  5098 | D:6      | Found a stormy altar of Qazlal.
  5099 | D:6      | Found a shattered altar of Ashenzari.
  5139 | D:6      | Found a staircase to the Ecumenical Temple.
  5146 | Temple   | Entered the Ecumenical Temple
  5231 | Temple   | Became a worshipper of Warmaster Okawaru
  5565 | D:7      | Noticed GuyWithAPlan's ghost (novice BaFi)
  5597 | D:7      | Killed GuyWithAPlan's ghost
  5633 | D:7      | Found a stormy altar of Qazlal.
  5637 | D:7      | Reached skill level 10 in Staves
  5658 | D:7      | Reached * piety under Okawaru
  6097 | D:7      | Reached XP level 10. HP: 60/64 MP: 10/10
  6345 | D:7      | Killed an unseen horror
  6564 | D:7      | Reached ** piety under Okawaru
  6687 | D:7      | Found a deep blue altar of Sif Muna.
  7213 | D:8      | Reached skill level 11 in Staves
  7227 | D:8      | Noticed Erica
  7344 | D:8      | Slain by an orc warrior

Skill      XL: |  1  2  3  4  5  6  7  8  9 10 |
---------------+-------------------------------+-----
Armour         | 1 2 3 4 5 7 8 |  8.1
Staves         | 4 5 6 8 10 11 | 11.0
Fighting       | 3 4 5 6 7 8 |  8.5
Throwing       | |  1.7
Dodging        | |  2.4

Action                   |  1- 3 |  4- 6 |  7- 9 | 10-12 || total
-------------------------+-------+-------+-------+-------++-------
Melee: Quarterstaff      |   115 |   237 |   474 |   169 ||   995
       Unarmed           |       |       |       |     1 ||     1
Invok: Heroism           |       |       |       |     1 ||     1
Evoke: Wand              |       |       |       |     1 ||     1
  Use: Scroll            |       |    12 |     6 |     1 ||    19
       Potion            |       |     3 |     1 |     4 ||     8
  Eat: Chunk             |       |     6 |    12 |       ||    18
       Ration            |       |       |       |     1 ||     1
Armor: Leather armour    |    44 |       |       |       ||    44
       Chain mail        |     7 |   252 |   403 |   194 ||   856
Dodge: Dodged            |    86 |   161 |   260 |    82 ||   589
